 Dungeon Crawl Stone Soup version 0.17.1-3-g152610e (webtiles) character file.

288 Zhenya25pyc the Shield-Bearer (level 6, -6/53 HPs)
             Began as a Hill Orc Fighter on Mar 30, 2016.
             Was a Follower of Kikubaaqudgha.
             Mangled by azaza322's ghost (13 damage)
             ... on level 3 of the Dungeon.
             The game lasted 00:14:40 (2616 turns).

Zhenya25pyc the Shield-Bearer (Hill Orc Fighter)    Turns: 2616, Time: 00:14:40

Health: -6/53      AC:  7    Str: 21    XL:     6   Next: 31%
Magic:  6/6        EV:  8    Int: 13    God:    Kikubaaqudgha [*.....]
Gold:   138        SH: 10    Dex: 10    Spells: 0 memorised, 5 levels left

rFire  + . .     SeeInvis .     z - +0 flail
rCold  . . .     Clarity  .     E - +0 scale mail
rNeg   . . .     SustAt   .     c - +0 shield
rPois  .         Gourm    .     (no helmet)
rElec  .         Spirit   .     (no cloak)
rCorr  .         Warding  .     (no gloves)
rMut   .         Stasis   .     (no boots)
MR     .....                    (no amulet)
Stlth  ..........               n - +5 ring of intelligence
                                q - ring of protection from fire

@: not resistant to hostile enchantments, extremely unstealthy
A: no striking features
a: Receive Corpses, Renounce Religion


You were on level 3 of the Dungeon.
You worshipped Kikubaaqudgha.
Kikubaaqudgha was aware of your devotion.
You were not hungry.

You visited 1 branch of the dungeon, and saw 3 of its levels.

You collected 138 gold pieces.

Inventory:

Hand Weapons
 w - a +4 scythe of pain
 z - a +0 flail (weapon)
 D - a +0 hand axe of distortion
Missiles
 i - 12 poisoned needles (quivered)
 m - 54 sling bullets
Armour
 c - a +0 shield (worn)
 E - a +0 scale mail (worn)
Magical Staves
 b - an uncursed staff of power {unknown}
Jewellery
 n - a +5 ring of intelligence (right hand)
 q - a ring of protection from fire (left hand)
 s - an uncursed ring of magical power
Scrolls
 f - 2 scrolls of noise {unknown}
 g - a scroll of random uselessness {unknown}
 j - 3 scrolls of teleportation {unknown}
 k - 2 scrolls of remove curse {unknown}
 o - a scroll of recharging {unknown}
 p - a scroll of fog {unknown}
 t - 2 scrolls of identify {unknown}
 u - a scroll of amnesia {unknown}
Potions
 d - a potion of might
 h - a potion of brilliance {unknown}
 l - a potion of haste {unknown}
 r - a potion of ambrosia {unknown}
 B - 2 potions of magic {unknown}
Books
 a - Kikubaaqudgha's Papyrus of Evil Rituals
   (Kikubaaqudgha gifted it to you on level 2 of the Dungeon)

   Spells                             Type                      Level
   a - Animate Skeleton               Necromancy                   1
   b - Corpse Rot                     Necromancy                   2
   c - Sublimation of Blood           Necromancy                   2
   d - Vampiric Draining              Necromancy                   3
   e - Control Undead                 Necromancy                   4
Comestibles
 e - a bread ration


   Skills:
 + Level 4.4 Fighting
 + Level 3.9 Axes
 + Level 4.1 Armour
 + Level 2.2 Dodging
 + Level 0.1 Stealth
 + Level 5.2 Shields


You had 5 spell levels left.
You didn't know any spells.

Dungeon Overview and Level Annotations

Branches:
Dungeon (3/15)

Altars:
Kikubaaqudgha

Annotations:
D:2 Robin
D:3 azaza322's ghost, amateur GrFi


Message History

You hit azaza322's ghost but do no damage.
Azaza322's ghost is heavily damaged.
You block azaza322's ghost's attack.
You hit azaza322's ghost but do no damage.
Azaza322's ghost is heavily damaged.
Azaza322's ghost hits you but does no damage.
You block azaza322's ghost's attack.
You hit azaza322's ghost.
Azaza322's ghost is heavily damaged.
You block azaza322's ghost's attack.
You barely miss azaza322's ghost.
Azaza322's ghost is heavily damaged.
Azaza322's ghost hits you.
* * * LOW HITPOINT WARNING * * *
Azaza322's ghost hits you but does no damage.
You barely miss azaza322's ghost.
Azaza322's ghost is heavily damaged.
Azaza322's ghost hits you!
You die...
Kikubaaqudgha rasps: "You have failed me!
Welcome... death!"

...................
##..####...###.#####
...##.........#
###.##.#.#######
#....#.#......#
#.#...........#
#.#.##.########
#......# ###@####
##W#######
#.hh......
#.........
#.....?.......
#....#.#######
#....#.# #......#
#...#..#


You could see azaza322's ghost and 2 jackals.

Vanquished Creatures
  Sigmund (D:2)
  Jessica (D:2)
  Terence (D:2)
  3 adders (D:2)
  2 oozes
  2 giant geckos
  4 bats
  2 giant cockroaches
  6 hobgoblins
  4 kobolds
  2 ball pythons
  A giant newt (D:1)
  12 goblins
  7 rats
48 creatures vanquished.

Notes
Turn   | Place    | Note
--------------------------------------------------------------
     0 | D:1      | Zhenya25pyc the Hill Orc Fighter began the quest for the Orb.
     0 | D:1      | Reached XP level 1. HP: 19/19 MP: 1/1
   253 | D:1      | Reached XP level 2. HP: 20/27 MP: 2/2
   739 | D:2      | Reached XP level 3. HP: 24/33 MP: 3/3
   754 | D:2      | Reached skill level 4 in Shields
  1103 | D:2      | Noticed Jessica
  1113 | D:2      | Killed Jessica
  1113 | D:2      | Reached XP level 4. HP: 6/40 MP: 4/4
  1464 | D:2      | Noticed Sigmund
  1486 | D:2      | Killed Sigmund
  1486 | D:2      | Reached skill level 5 in Shields
  1486 | D:2      | Reached XP level 5. HP: 5/47 MP: 5/5
  1486 | D:2      | Reached XP level 6. HP: 5/53 MP: 6/6
  1747 | D:2      | Found a faded altar to an unknown god.
  1762 | D:2      | Noticed Terence
  1774 | D:2      | Killed Terence
  1837 | D:2      | Became a worshipper of Kikubaaqudgha
  1837 | D:2      | Reached * piety under Kikubaaqudgha
  1837 | D:2      | Received a gift from Kikubaaqudgha
  1839 | D:2      | Identified Kikubaaqudgha's Papyrus of Evil Rituals (Kikubaaqudgha gifted it to you on level 2 of the Dungeon)
  2130 | D:2      | Noticed Robin
  2596 | D:3      | Noticed azaza322's ghost (amateur GrFi)
  2616 | D:3      | Mangled by azaza322's ghost

Action                   |  1- 3 |  4- 6 || total
-------------------------+-------+-------++-------
Melee: War axe           |    82 |    41 ||   123
       Hand axe          |       |    38 ||    38
       Flail             |       |    28 ||    28
  Eat: Chunk             |     1 |       ||     1
       Bread ration      |       |     1 ||     1
       Royal jelly       |       |     1 ||     1
